 Dungeon Crawl Stone Soup version 0.22-a0-271-gc000056 (webtiles) character file.

530899 CLM the Slayer (level 26, -11/256 HPs)
             Began as a Hill Orc Fighter on Mar 10, 2018.
             Was the Champion of Okawaru.
             Mangled by a caustic shrike (18 damage)
             ... summoned by an orange crystal statue
             ... on level 5 of the Depths.
             The game lasted 02:31:42 (53405 turns).

CLM the Slayer (Hill Orc Fighter)                  Turns: 53405, Time: 02:31:43

Health: -11/256    AC: 35    Str: 37      XL:     26   Next: 21%
Magic:  30/34      EV: 13    Int:  0 (4)  God:    Okawaru [******]
Gold:   3308       SH: 21    Dex: 14      Spells: 9/25 levels left

rFire    + + +     SeeInvis .   a - +1 broad axe of Infinity {chop, rPois rF+ Int-2}
rCold    + + +     Gourm    .   D - +5 shield {reflect}
rNeg     . . .     Faith    .   g - +12 crystal plate armour of Lilacs {+Blink rPois rF- rC+++}
rPois    +         Spirit   .   y - +5 helmet of Okawaru's Condemnation {rF+ MR+ Regen+ Slay+3}
rElec    .         Reflect  +   U - +2 cloak {MR+}
rCorr    .         Harm     .   V - +2 pair of gloves {archery}
MR       ++++.                  J - +2 pair of boots
Stlth    ..........             m - amulet "Giridoqo" {+Rage rF++ rC+ MR- Str+2}
HPRegen  0.92/turn              Q - ring of Soxtot {rPois rF+ MR+}
MPRegen  0.24/turn              d - ring "Tudu" {MR+ Str+4 Dex+4}

@: corroded, slowed, lost intelligence, studying Stealth, very slow
A: dopey 1
}: 2/15 runes: decaying, serpentine
a: Heroism, Finesse, Renounce Religion, Evoke Blink, Evoke Berserk Rage


You were on level 5 of the Depths.
You worshipped Okawaru.
Okawaru was exalted by your worship.
You were hungry.

You visited 8 branches of the dungeon, and saw 41 of its levels.
You visited the Abyss 1 time.
You also visited: Desolation.

You collected 6425 gold pieces.
You spent 3117 gold pieces at shops.

Inventory:

Hand Weapons
 a - the +1 broad axe of Infinity (weapon) {chop, rPois rF+ Int-2}
   (You bought it in a shop on level 2 of the Orcish Mines)

   It inflicts extra damage upon your enemies.
   It affects your intelligence (-2).
   It protects you from fire.
   It protects you from poison.
 b - the +7 hunting sling "Naecw" {velocity, rPois rF+ MR+ Dex+4}
   (You bought it in a shop on level 2 of the Orcish Mines)

   Any stone fired from it inflicts extra damage.
   It affects your dexterity (+4).
   It protects you from fire.
   It protects you from poison.
   It affects your resistance to hostile enchantments.
 I - the +5 broad axe of the Fifty Cities {freeze, *Noise rC+ rN+ Int+4 Stlth+}
   (Okawaru gifted it to you on level 2 of the Depths)

   It has been specially enchanted to freeze those struck by it, causing extra
   injury to most foes and up to half again as much damage against particularly
   susceptible opponents.
   It can also slow down cold-blooded creatures.
   It affects your intelligence (+4).
   It protects you from cold.
   It protects you from negative energy.
   It may make noises in combat.
   It makes you more stealthy.
 Y - the +5 fustibalus of the Real Monster {flame, rC+ Str+4}
   (You found it in the Desolation of Salt)

   It causes projectiles fired from it to burn those they strike, causing extra
   injury to most foes and up to half again as much damage against particularly
   susceptible opponents.
   It affects your strength (+4).
   It protects you from cold.
Missiles
 h - 508 sling bullets
Armour
 g - the +12 crystal plate armour of Lilacs (worn) {+Blink rPois rF- rC+++}
   (Okawaru gifted it to you on level 6 of the Lair of Beasts)

   It makes you vulnerable to fire.
   It renders you almost immune to cold.
   It protects you from poison.
   It lets you blink.
 y - the +5 helmet of Okawaru's Condemnation (worn) {rF+ MR+ Regen+ Slay+3}
   (Okawaru gifted it to you on level 2 of the Swamp)

   It affects your accuracy and damage with ranged weapons and melee attacks
   (+3).
   It protects you from fire.
   It affects your resistance to hostile enchantments.
   It increases your rate of regeneration.
 D - a +5 shield of reflection (worn)
   (You took it off a vault guard on level 2 of the Vaults)
 J - a +2 pair of boots (worn)
   (You found it on level 4 of the Depths)
 M - the +2 hat of Winter {rCorr Str+3}
   (Okawaru gifted it to you on level 13 of the Dungeon)

   It affects your strength (+3).
   It protects you from acid and corrosion.
 U - a +2 cloak of magic resistance (worn)
   (Okawaru gifted it to you on level 3 of the Lair of Beasts)
 V - a +2 pair of gloves of archery (worn)
   (You found it on level 13 of the Dungeon)
Jewellery
 d - the ring "Tudu" (right hand) {MR+ Str+4 Dex+4}
   (You bought it in a shop on level 5 of the Depths)

   [ring of protection from magic]

   It affects your strength (+4).
   It affects your dexterity (+4).
   It affects your resistance to hostile enchantments.
 m - the amulet "Giridoqo" (around neck) {+Rage rF++ rC+ MR- Str+2}
   (You acquired it on level 14 of the Dungeon)

   [amulet of rage]

   It affects your strength (+2).
   It greatly protects you from fire.
   It protects you from cold.
   It affects your resistance to hostile enchantments.
   It lets you go berserk.
 z - an uncursed ring of see invisible
   (You bought it in a shop on level 2 of the Snake Pit)
 Q - the ring of Soxtot (left hand) {rPois rF+ MR+}
   (You acquired it on level 14 of the Dungeon)

   [ring of protection from fire]

   It protects you from fire.
   It protects you from poison.
   It affects your resistance to hostile enchantments.
Scrolls
 f - 5 scrolls of enchant armour
 j - 21 scrolls of remove curse {@r2}
 k - a scroll of teleportation {@r4}
 l - 2 scrolls of magic mapping
 o - 8 scrolls of amnesia
 p - 2 scrolls of vulnerability {!r}
 r - 15 scrolls of enchant weapon
 t - 2 scrolls of blinking
 w - a scroll of holy word
 A - 5 scrolls of identify {@r1}
 K - a scroll of summoning
 N - 4 scrolls of brand weapon
 P - 7 scrolls of immolation {!r}
 W - 4 scrolls of fog
 Z - 2 scrolls of fear
Potions
 c - 2 potions of ambrosia
 i - 8 potions of heal wounds {@q2}
 n - 3 potions of lignification {!q}
 q - 3 potions of magic
 s - 2 potions of cancellation
 v - 6 potions of mutation {!q}
 x - a potion of berserk rage
 B - 3 potions of invisibility
 E - a potion of flight
 G - 6 potions of haste {@q3}
 H - 4 potions of curing {@q1}
 O - 2 potions of agility
 R - 10 potions of brilliance
 T - 5 potions of might
Books
 L - a manual of Stealth {!d}
   (You found it on level 2 of the Depths)
Comestibles
 e - 55 rations
 C - 17 chunks of flesh


   Skills:
 * Level 24.6 Fighting
 - Level 18.0 Axes
 - Level 14.0 Slings
 + Level 17.3 Armour
 - Level 9.8 Dodging
 - Level 7.6 Stealth
 - Level 15.0 Shields
 + Level 11.6 Charms
 - Level 4.4 Necromancy
 + Level 10.5 Translocations
 - Level 3.5 Transmutations
 - Level 15.2 Invocations


You had 9 spell levels left.
You knew the following spells:

 Your Spells              Type           Power        Failure   Level  Hunger
a - Statue Form           Tmut/Erth      #........    100%        6    #######
c - Apportation           Tloc           #.....       8%          1    ##.....
e - Regeneration          Chrm/Necr      #.........   54%         3    ####...
q - Song of Slaying       Chrm           #.......     8%          2    ###....
v - Passage of Golubria   Tloc           N/A          61%         4    #####..


Dungeon Overview and Level Annotations

Branches:
Dungeon (15/15)            Temple (1/1) D:4            Lair (6/6) D:9
  Swamp (4/4) Lair:3        Snake (4/4) Lair:3        Slime (0/5) Lair:6
    Orc (2/2) D:11            Elf (0/3) Orc:2        Vaults (4/5) D:14
  Crypt (0/3) Vaults:3     Depths (5/5) D:15            Zot (0/5) Depths:5

Altars:
Ashenzari
Cheibriados
Dithmenos
Elyvilon
Fedhas
Gozag
Hepliaklqana
Kikubaaqudgha
Makhleb
Nemelex Xobeh
Okawaru
Qazlal
Ru
Sif Muna
Trog
Uskayaw
Vehumet
Wu Jian
Xom
Yredelemnul
Zin
The Shining One
Jiyva

Shops:
Orc:2 (:*}   Snake:2 (=   Snake:4 :   Depths:1 !   Depths:4 =}}   Depths:5 !==%

Portals:
Hell: Depths:1 Depths:2 Depths:3 Depths:4
Abyss: Depths:4
Pandemonium: Depths:2 Depths:3
Ziggurat: Depths:5
Trove: Vaults:2 (give 2 scrolls of acquirement)

Annotations:
Lair:1 exclusion: 2 oklob plants
Lair:4 exclusion: oklob plant
Depths:1 3 runed doors
Depths:5 exclusion: orange crystal statue


Innate Abilities, Weirdness & Mutations

You are dopey. (Int -2)


Message History

The caustic shrike claws you but does no damage.
The caustic shrike claws you!
* * * LOW HITPOINT WARNING * * *
You are splashed with acid!
The acid burns!
* * * LOW HITPOINT WARNING * * *
You block the caustic shrike's attack. x2
The caustic shrike barely misses you. x2
You block the caustic shrike's attack. The caustic shrike claws you!
* * * LOW HITPOINT WARNING * * *
The acid corrodes you!
You are splashed with acid!
The acid burns!
* * * LOW HITPOINT WARNING * * *
A deep troll comes into view.
You almost manage to decipher the scroll, but fail in this attempt.
The caustic shrike barely misses you.
The caustic shrike claws you but does no damage. x2
The caustic shrike claws you!!
* * * LOW HITPOINT WARNING * * *
You are splashed with acid!
The acid burns!
* * * LOW HITPOINT WARNING * * *
The caustic shrike claws you but does no damage.
You block the caustic shrike's attack.
The caustic shrike claws you but does no damage.
The caustic shrike claws you!
* * * LOW HITPOINT WARNING * * *
You are splashed with acid!
The acid burns!
* * * LOW HITPOINT WARNING * * *
The caustic shrike closely misses you. The caustic shrike barely misses you.
The deep troll earth mage casts a spell next to you.
Some rock shatters into small pieces.
You block the caustic shrike's attack. The caustic shrike claws you.
* * * LOW HITPOINT WARNING * * *
The acid corrodes you!
You are splashed with acid!
The acid burns!
* * * LOW HITPOINT WARNING * * *
You block the caustic shrike's attack.
The caustic shrike claws you but does no damage. x2
Some of the chunks of flesh in your inventory have rotted away.
You almost manage to decipher the scroll, but fail in this attempt.
You block the caustic shrike's attack. The caustic shrike closely misses you.
The caustic shrike claws you.
* * * LOW HITPOINT WARNING * * *
You are splashed with acid!
The acid burns!
* * * LOW HITPOINT WARNING * * *
The caustic shrike barely misses you. You block the caustic shrike's attack.
The caustic shrike claws you but does no damage.
The caustic shrike closely misses you. The caustic shrike claws you.
* * * LOW HITPOINT WARNING * * *
You are splashed with acid!
The acid burns!
* * * LOW HITPOINT WARNING * * *
The caustic shrike claws you!!
You die...

........... .# #.....♣
...(....?..#.# ##......♣
.....(..T....#
##.......♣♣
......(......#
#...#.....♣ ......((.....
##..#....... #..#.D.T.#
#........... #....TTTT##
##...........
###..#Tbb.###............
#.....b@......##........
#.####bb##.#.####.......
## ##.# #...# ###.....
### ##.## ##.... ###
##..# ####


You could see 5 caustic shrikes, an ice dragon, 4 deep trolls and 3 deep troll
earth magi.

Vanquished Creatures
  An ancient lich (Depths:2)
  Mennas (Vaults:1)
  Mara (Swamp:4)
  Sojobo (Vaults:2)
  the Lernaean hydra (Swamp:4)
  Vashnia (Snake:4)
  Nikola (Swamp:4)
  Jory (Depths:5)
  A Brimstone Fiend (Depths:1)
  A Tzitzimitl (Depths:3)
  A tentacled monstrosity (Vaults:2)
  Rupert (D:12)
  Jorgrun (Snake:4)
  An Ice Fiend (Depths:1)
  A titan (Depths:2)
  2 liches (Depths:4)
  Frances (D:12)
  An ancient champion (Vaults:3)
  2 thorn hunters
  5 sphinxes
  Donald (Snake:2)
  5 tengu reavers
  A revenant (Depths:4)
  Roxanne (Swamp:2)
  2 storm dragons
  Kirke (D:14)
  A shadow dragon (Depths:3)
  4 nagarajas (Snake:4)
  11 fire giants
  2 balrugs (Depths:1)
  Louise (Swamp:2)
  4 frost giants
  3 imperial myrmidons (Desolation)
  A draconian knight (Depths:5)
  3 deep elf sorcerers (Vaults:2)
  Aizul (Swamp:2)
  A juggernaut zombie (Depths:4)
  2 spriggan defenders (Depths:3)
  2 angels (Vaults:3)
  9 vault wardens
  A ghoul (Vaults:3)
  A caustic shrike skeleton (Depths:4)
  13 ironheart preservers
  21 very ugly things
  A juggernaut skeleton (Depths:4)
  A war gargoyle (Depths:3)
  13 stone giants
  An entropy weaver (shapeshifter) (Vaults:2)
  2 entropy weavers
  2 deep elf demonologists (Vaults:2)
  2 vampire knights
  A black draconian (Depths:5)
  Nessos (Lair:5)
  4 spark wasps (Depths:3)
  A purple draconian (Depths:5)
  Azrael (D:12)
  3 halazid warlocks (Desolation)
  A yellow draconian (Depths:5)
  2 deep elf annihilators (Vaults:2)
  3 red draconians (Depths:5)
  12 ettins
  Snorg (Lair:3)
  2 blizzard demons (Depths:1)
  An eidolon (Depths:3)
  A merfolk javelineer (Depths:5)
  6 jiangshi
  A quicksilver dragon zombie (Depths:2)
  2 deep elf death magi
  8 great orbs of eyes
  16 yaktaur captains
  5 rakshasas
  A deep elf high priest (Vaults:4)
  9 fire dragons
  19 naga warriors
  9 ragged hierophants (Desolation)
  A quicksilver dragon skeleton (Depths:4)
  9 ice dragons
  5 spriggan air magi
  8 peacekeepers (Desolation)
  5 servants of whispers (Desolation)
  24 hydras
  15 vault guards
  A ghost crab (Swamp:4)
  Erica (Lair:2)
  10 anacondas
  12 centaur warriors
  50 two-headed ogres
  8 deep troll shamans
  18 ogre magi
  2 dancing weapons (Depths:3)
  A death knight (Vaults:2)
  9 alligators
  3 tengu warriors
  3 vampire magi
  4 orc high priests
  7 deep troll earth magi
  4 spriggan berserkers
  8 naga sharpshooters
  7 shock serpents
  2 storm dragon zombies (Depths:4)
  A titan skeleton (Depths:4)
  7 deep elf knights
  6 sun demons (Depths:1)
  A shock serpent (shapeshifter) (Depths:2)
  A fire crab (Lair:6)
  Sonja (D:11)
  4 soul eaters
  4 unseen horrors
  12 skeletal warriors
  5 iron trolls
  A salamander mystic (Snake:4)
  6 shadow wraiths
  6 hell knights (Vaults:4)
  2 shambling mangroves
  A spectral anaconda (Depths:3)
  A golden dragon zombie (Depths:4)
  11 swamp dragons
  8 deep elf archers
  28 deep trolls
  6 glowing orange brains
  2 sea snakes (Snake:3)
  10 flayed ghosts
  A death drake (Depths:3)
  9 naga ritualists
  2 orange crystal statues (Depths:3)
  3 phantasmal warriors
  10 necromancers
  19 orc knights
  18 ironbrand convokers
  4 wizards
  4 golden dragon skeletons
  11 harpies
  6 orc sorcerers
  15 deep elf magi
  An iron dragon zombie (Depths:4)
  8 mana vipers
  An orb spider (shapeshifter) (Depths:4)
  5 cyclopes
  7 wolf spiders
  34 ugly things
  2 fire giant zombies (Depths:4)
  A frost giant zombie (Depths:4)
  An iron dragon skeleton (Depths:2)
  A cyclops (shapeshifter) (Depths:1)
  A manticore (D:13)
  2 salamanders
  Maurice (D:8)
  A fire giant skeleton (Vaults:4)
  9 naga magi
  A guardian serpent (shapeshifter) (D:15)
  11 guardian serpents
  3 elephants
  Joseph (D:9)
  4 centaur zombies
  4 molten gargoyles (D:11)
  44 black mambas
  A gargoyle (D:11)
  2 torpor snails (Lair:5)
  12 vault sentinels
  19 spiny frogs
  3 freezing wraiths
  4 centaur skeletons
  8 komodo dragons
  3 spriggan zombies
  A kobold demonologist (D:13)
  A spark wasp simulacrum (Depths:2)
  An entropy weaver simulacrum (Vaults:1)
  A yaktaur (shapeshifter) (Vaults:2)
  An anaconda simulacrum (Depths:3)
  3 rime drakes
  2 spectral merfolk (Depths:3)
  3 tengu conjurers
  52 yaktaurs
  11 trolls
  6 tyrant leeches
  6 ice devils
  A queen bee (Lair:1)
  3 meliai
  A troll (shapeshifter) (Depths:3)
  A polar bear (Lair:4)
  A jumping spider (shapeshifter) (Vaults:3)
  17 hornets
  Grinder (D:6)
  3 dream sheep (Lair:5)
  56 saltlings (Desolation)
  A blink frog (shapeshifter) (Depths:2)
  5 blink frogs (Lair:6)
  3 raiju (Depths:3)
  5 hippogriffs
  13 bog bodies
  An ettin zombie (Vaults:1)
  A frost giant simulacrum (Vaults:2)
  25 slime creatures
  4 redbacks
  6 shadows
  2 centaur simulacra
  5 wraiths
  A tarantella (D:14)
  8 wyverns
  9 spriggans
  An ettin skeleton (Vaults:4)
  4 flying skulls (Depths:4)
  2 fire elementals (D:12)
  A human (shapeshifter) (D:14)
  10 water elementals
  A hog (shapeshifter) (Vaults:4)
  A yak (shapeshifter) (Vaults:2)
  4 hogs (D:14)
  2 vampires (Depths:3)
  A basilisk (shapeshifter) (Vaults:1)
  40 yaks
  8 basilisks
  20 vampire mosquitoes
  4 steam dragons
  4 hungry ghosts
  20 swamp worms
  2 soldier ants (D:8)
  3 acid dragons
  53 nagas
  9 wargs
  A human zombie (Depths:4)
  5 hell hounds
  2 floating eyes
  25 water moccasins
  8 porcupines
  3 spectral trolls (Depths:3)
  A hydra simulacrum (Depths:3)
  A spectral spriggan (Depths:3)
  5 ice beasts
  35 orc warriors
  12 swamp drakes
  A black bear (Lair:1)
  An orc zombie (Vaults:1)
  2 eyes of draining (D:13)
  3 snapping turtle zombies (Depths:3)
  2 elf zombies
  3 necrophages
  5 sky beasts
  A hornet zombie (D:9)
  32 ogres
  11 boggarts
  12 wolves
  2 phantoms
  15 centaurs
  17 crocodiles
  3 big kobolds
  17 bullfrogs
  A yaktaur zombie (Vaults:1)
  A glowing shapeshifter simulacrum (Depths:2)
  3 human skeletons
  A wyvern zombie (D:12)
  A wyvern skeleton (D:14)
  6 scorpions
  5 spectral nagas (Depths:3)
  2 spectral ogres (Depths:3)
  45 killer bees
  7 wights
  6 howler monkeys
  2 spectral centaurs (Depths:3)
  2 bullfrog zombies
  5 crimson imps
  6 hounds
  24 orc wizards
  4 quasits
  An iron imp (Depths:4)
  7 jellies
  A gnoll shaman (D:9)
  28 orc priests
  7 iguanas
  Natasha (thrice) (D:3)
  12 worker ants
  2 spriggan simulacra (Depths:3)
  3 gnolls (D:9)
  18 adders
  7 shadow imps
  An adder zombie (D:4)
  An adder skeleton (D:5)
  4 worms
  4 dart slugs
  6 leopard geckos
  89 orcs
  13 bats
  5 giant cockroaches
  3 hobgoblins
  6 jackals
  24 kobolds
  7 quokkas
  A ball python (D:2)
  2 frilled lizards
  9 goblins
  2 quokka skeletons (D:5)
  6 rats
  4 briar patches (Swamp:2)
  9 fungi
  15 plants
1985 creatures vanquished.

Vanquished Creatures (others)
  A juggernaut (Depths:5)
  A stone giant (Vaults:4)
  A merfolk javelineer (Depths:5)
  A centaur warrior (Vaults:1)
  A deep elf knight (Vaults:2)
  A deep elf archer (Vaults:4)
  A glowing orange brain (Depths:3)
  An unseen horror (Vaults:1)
  A deep elf mage (Vaults:2)
  A cyclops (Vaults:2)
  A komodo dragon (shapeshifter) (Vaults:1)
  4 yaktaurs
  A hornet (Swamp:4)
  A warg (Depths:3)
  A hell hound (Depths:3)
  A boggart (Vaults:1)
  An ogre (Depths:2)
  2 centaurs (Vaults:1)
  An orc wizard (Vaults:3)
  A bush (Lair:6)
  28 fungi
  60 plants
112 creatures vanquished.

Grand Total: 2097 creatures vanquished

Notes
Turn   | Place    | Note
-------+----------+-------------------------------------------
     0 | D:1      | CLM the Hill Orc Fighter began the quest for the Orb.
     0 | D:1      | Reached XP level 1. HP: 19/19 MP: 1/1
   308 | D:1      | Reached XP level 2. HP: 27/27 MP: 2/2
   845 | D:1      | Reached skill level 4 in Fighting
   877 | D:2      | Found a snail-covered altar of Cheibriados.
   887 | D:2      | Reached XP level 3. HP: 33/33 MP: 3/3
  1269 | D:2      | Reached XP level 4. HP: 37/40 MP: 4/4
  1446 | D:2      | Found a white marble altar of Elyvilon.
  1447 | D:2      | Found a glowing golden altar of the Shining One.
  1451 | D:2      | Found a shimmering altar of Xom.
  1457 | D:2      | Found a shattered altar of Ashenzari.
  1740 | D:3      | Noticed Natasha
  1745 | D:3      | Killed Natasha
  1803 | D:3      | Noticed Natasha
  1812 | D:3      | Killed Natasha
  1812 | D:3      | Reached XP level 5. HP: 9/47 MP: 5/5
  2351 | D:3      | Found a burning altar of Makhleb.
  2421 | D:3      | Noticed Natasha
  2428 | D:3      | Killed Natasha
  2428 | D:3      | Reached skill level 5 in Fighting
  2428 | D:3      | Reached XP level 6. HP: 48/56 MP: 6/6
  3036 | D:4      | Reached skill level 5 in Axes
  3165 | D:4      | Found a staircase to the Ecumenical Temple.
  3305 | Temple   | Entered the Ecumenical Temple
  3357 | Temple   | Became a worshipper of Warmaster Okawaru
  3526 | D:4      | Noticed a phantom
  3559 | D:4      | Killed a phantom
  3559 | D:4      | Reached skill level 5 in Armour
  3664 | D:5      | Entered Level 5 of the Dungeon
  3665 | D:5      | Noticed an ice beast
  3685 | D:5      | Killed an ice beast
  3685 | D:5      | Reached skill level 5 in Shields
  3685 | D:5      | Reached XP level 7. HP: 41/62 MP: 7/7
  3800 | D:5      | Found a sparkling altar of Nemelex Xobeh.
  4031 | D:4      | Reached skill level 6 in Fighting
  4300 | D:5      | Found a sparkling altar of Nemelex Xobeh.
  4849 | D:6      | Reached * piety under Okawaru
  4877 | D:6      | Noticed Grinder
  4901 | D:6      | Killed Grinder
  4901 | D:6      | Reached XP level 8. HP: 67/71 MP: 8/8
  5226 | D:6      | Reached skill level 1 in Invocations
  5541 | D:6      | Reached ** piety under Okawaru
  5541 | D:6      | Reached skill level 7 in Fighting
  5925 | D:7      | Reached XP level 9. HP: 60/79 MP: 11/11
  6235 | D:7      | Reached *** piety under Okawaru
  6454 | D:7      | Reached skill level 8 in Fighting
  6695 | D:8      | Noticed Maurice
  6708 | D:8      | Killed Maurice
  6708 | D:8      | Reached skill level 5 in Invocations
  7133 | D:8      | Found a glowing silver altar of Zin.
  7310 | D:8      | Reached **** piety under Okawaru
  7310 | D:8      | Reached XP level 10. HP: 88/88 MP: 14/14
  7433 | D:8      | Paralysed by a hornet for 3 turns
  7456 | D:8      | Reached skill level 9 in Fighting
  7653 | D:8      | Found a glowing silver altar of Zin.
  7892 | D:9      | Found a snail-covered altar of Cheibriados.
  7933 | D:9      | Found an ornate altar of the Wu Jian Council.
  8173 | D:9      | Noticed Joseph
  8200 | D:9      | Killed Joseph
  8248 | D:9      | Found a staircase to the Lair.
  8845 | D:10     | Entered Level 10 of the Dungeon
  8964 | D:10     | Reached skill level 10 in Axes
  9448 | D:10     | Reached ***** piety under Okawaru
  9456 | D:10     | Noticed a centaur warrior
  9465 | D:10     | Killed a centaur warrior
  9465 | D:10     | Reached skill level 10 in Fighting
  9465 | D:10     | Reached XP level 11. HP: 50/97 MP: 15/17
  9912 | D:10     | Noticed a two-headed ogre
  9924 | D:10     | Killed a two-headed ogre
 10622 | Lair:1   | Entered Level 1 of the Lair of Beasts
 10643 | Lair:1   | Noticed a seven-headed hydra
 11834 | Lair:1   | Received a gift from Okawaru
 12050 | D:9      | Killed a three-headed hydra
 12289 | D:9      | Found a snail-covered altar of Cheibriados.
 12289 | D:9      | Found an ornate altar of the Wu Jian Council.
 12759 | Lair:1   | Noticed an oklob plant
 12759 | Lair:1   | Noticed an oklob plant
 12858 | Lair:1   | Reached skill level 10 in Armour
 13031 | Lair:1   | Reached skill level 10 in Shields
 13134 | Lair:1   | Reached skill level 11 in Fighting
 13147 | Lair:1   | Reached XP level 12. HP: 60/108 MP: 19/19
 13753 | Lair:2   | Noticed Erica
 13767 | Lair:2   | Killed Erica
 13767 | Lair:2   | Reached ****** piety under Okawaru
 13767 | Lair:2   | Reached skill level 10 in Invocations
 14408 | Lair:3   | Noticed a seven-headed hydra
 14418 | Lair:3   | Killed a one-headed hydra
 14418 | Lair:3   | Received a gift from Okawaru
 14425 | Lair:3   | Reached skill level 1 in Dodging
 14607 | Lair:3   | Noticed Snorg
 14618 | Lair:3   | Killed Snorg
 14650 | Lair:3   | Found a staircase to the Snake Pit.
 14674 | Lair:3   | Found a staircase to the Swamp.
 15685 | Lair:4   | Reached skill level 12 in Fighting
 16185 | Lair:5   | Reached XP level 13. HP: 97/116 MP: 21/21
 16382 | Lair:5   | Noticed Nessos
 16399 | Lair:5   | Killed Nessos
 16759 | Lair:5   | Received a gift from Okawaru
 17117 | Lair:6   | Entered Level 6 of the Lair of Beasts
 18294 | Lair:6   | Received a gift from Okawaru
 18663 | Lair:6   | Reached XP level 14. HP: 85/127 MP: 23/23
 18795 | Lair:6   | Reached skill level 13 in Fighting
 18807 | Lair:6   | Received a gift from Okawaru
 18808 | Lair:6   | Got a spiked crystal plate armour {god gift}
 18819 | Lair:6   | Identified the +12 crystal plate armour of Lilacs {+Blink rPois rF- rC+++} (Okawaru gifted it to you on level 6 of the Lair of Beasts)
 19825 | Lair:6   | Found a staircase to the Slime Pits.
 19826 | Lair:6   | Found a viscous altar of Jiyva.
 20302 | Lair:6   | Reached skill level 5 in Dodging
 20348 | Lair:6   | HP: 6/129 [poisoned by a swamp dragon (poison gas)]
 20353 | Lair:6   | HP: 4/129 [poisoned by a swamp dragon (poison gas)]
 20358 | Lair:6   | HP: 2/129 [poisoned by a swamp dragon (poison gas)]
 20364 | Lair:6   | HP: 3/129 [poisoned by a swamp dragon (poison gas)]
 20371 | Lair:6   | HP: 5/129 [poisoned by a swamp dragon (poison gas)]
 20913 | D:11     | Noticed Sonja
 21521 | D:11     | Cast into level 2 of the Abyss (Sonja)
 21545 | D:11     | Escaped the Abyss
 21554 | D:11     | Killed Sonja
 21628 | D:11     | Found a staircase to the Orcish Mines.
 22021 | Orc:1    | Entered Level 1 of the Orcish Mines
 22454 | Orc:1    | Found a radiant altar of Vehumet.
 22549 | Orc:2    | Entered Level 2 of the Orcish Mines
 22893 | Orc:2    | Found a staircase to the Elven Halls.
 23337 | Orc:2    | Received a gift from Okawaru
 23388 | Orc:2    | Found Xetupoul's Gadget Emporium.
 23388 | Orc:2    | Found Basmiuh's Weapon Boutique.
 23487 | Orc:2    | Found Jetoredd's Assorted Antiques.
 23487 | Orc:2    | Found Gieppof's Book Boutique.
 23498 | Orc:2    | Bought the +1 broad axe of Infinity {chop, rPois rF+ Int-2} for 300 gold pieces
 23498 | Orc:2    | Bought the +7 hunting sling "Naecw" {velocity, rPois rF+ MR+ Dex+4} for 832 gold pieces
 23619 | Orc:2    | Reached XP level 15. HP: 80/137 MP: 24/24
 24021 | D:12     | Noticed Azrael
 24031 | D:12     | Reached skill level 1 in Slings
 24042 | D:12     | Killed Azrael
 24110 | D:12     | Noticed Frances
 24127 | D:12     | Killed Frances
 24127 | D:12     | Received a gift from Okawaru
 24179 | D:12     | Reached skill level 14 in Fighting
 24267 | D:12     | Noticed Rupert
 24288 | D:12     | Killed Rupert
 24288 | D:12     | Received a gift from Okawaru
 24288 | D:12     | Reached skill level 15 in Axes
 24843 | D:13     | Received a gift from Okawaru
 24846 | D:13     | Got a fine hat {god gift}
 24852 | D:13     | Identified the +2 hat of Winter {rCorr Str+3} (Okawaru gifted it to you on level 13 of the Dungeon)
 26299 | Snake:1  | Entered Level 1 of the Snake Pit
 27141 | Snake:1  | Received a gift from Okawaru
 27465 | Snake:2  | Noticed Donald
 27505 | Snake:2  | Killed Donald
 27505 | Snake:2  | Reached XP level 16. HP: 88/147 MP: 19/25
 27718 | Snake:2  | Found Fyovin's Weapon Shop.
 27947 | Snake:2  | Received a gift from Okawaru
 27988 | Snake:2  | Reached skill level 5 in Slings
 27997 | Snake:2  | Reached skill level 15 in Fighting
 28669 | Snake:2  | Received a gift from Okawaru
 28826 | Snake:2  | Found Eclo's Jewellery Emporium.
 29190 | Snake:3  | Received a gift from Okawaru
 29192 | Snake:3  | Got an encrusted scale mail {god gift}
 29203 | Snake:3  | Identified the +4 scale mail of Greed {rF+ MR+ Int+5 Dex-5} (Okawaru gifted it to you on level 3 of the Snake Pit)
 30170 | Swamp:1  | Entered Level 1 of the Swamp
 31187 | Swamp:2  | Noticed Roxanne
 31400 | Swamp:2  | Noticed Louise
 31419 | Swamp:2  | Killed Louise
 31480 | Swamp:2  | Noticed Aizul
 31494 | Swamp:2  | Killed Aizul
 31496 | Swamp:2  | Noticed a thorn hunter
 31733 | Swamp:2  | Killed a thorn hunter
 31798 | Swamp:2  | Reached XP level 17. HP: 146/157 MP: 26/26
 31875 | Swamp:2  | Received a gift from Okawaru
 31876 | Swamp:2  | Got a jewelled helmet {god gift}
 31887 | Swamp:2  | Identified the +5 helmet of Okawaru's Condemnation {rF+ MR+ Regen+ Slay+3} (Okawaru gifted it to you on level 2 of the Swamp)
 32129 | Swamp:2  | Killed Roxanne
 32165 | Swamp:2  | Identified Roxanne's Grimoire of the Mountains (You took it off Roxanne on level 2 of the Swamp)
 32823 | Swamp:3  | Identified the cursed +3 hunting sling of Qitanent {velocity, Str+7} (You found it on level 3 of the Swamp)
 33343 | Swamp:4  | Entered Level 4 of the Swamp
 33377 | Swamp:4  | Noticed Nikola
 33550 | Snake:4  | Entered Level 4 of the Snake Pit
 33550 | Snake:4  | Found Yvvaruj's Book Shop.
 33571 | Snake:4  | Reached skill level 16 in Fighting
 34014 | Snake:4  | Noticed Vashnia
 34025 | Snake:4  | Reached skill level 15 in Armour
 34028 | Snake:4  | Received a gift from Okawaru
 34061 | Snake:4  | Killed Vashnia
 34061 | Snake:4  | Reached skill level 15 in Shields
 34095 | Snake:4  | Noticed Jorgrun
 34282 | Snake:4  | Killed Jorgrun
 34445 | Snake:4  | Received a gift from Okawaru
 34527 | Snake:4  | Reached XP level 18. HP: 110/168 MP: 25/28
 34738 | Snake:4  | Received a gift from Okawaru
 34923 | Snake:4  | Got a serpentine rune of Zot
 35020 | Snake:4  | Identified the +9 hand axe of Defence {chop, rF+ Str+3} (Okawaru gifted it to you on level 4 of the Snake Pit)
 35235 | Swamp:4  | Killed Nikola
 35516 | Swamp:4  | Noticed the 27-headed Lernaean hydra
 35537 | Swamp:4  | Killed the 26-headed Lernaean hydra
 35603 | Swamp:4  | Noticed Mara
 35613 | Swamp:4  | Noticed CLM's illusion
 35643 | Swamp:4  | Reached skill level 17 in Fighting
 35761 | Swamp:4  | Reached skill level 15 in Invocations
 35810 | Swamp:4  | Killed Mara
 35810 | Swamp:4  | Received a gift from Okawaru
 35998 | Swamp:4  | Got a decaying rune of Zot
 36787 | D:14     | Learned a level 1 spell: Apportation
 36790 | D:14     | Learned a level 2 spell: Song of Slaying
 36794 | D:14     | Learned a level 3 spell: Regeneration
 36799 | D:14     | Learned a level 4 spell: Passage of Golubria
 36864 | D:14     | Noticed Kirke
 36878 | D:14     | Killed Kirke
 37389 | Snake:2  | Bought an uncursed ring of see invisible for 300 gold pieces
 37777 | D:14     | Found a gate to the Vaults.
 37840 | D:14     | Identified 3 scrolls of acquirement
 37852 | D:14     | Got a bound golden ring
 37855 | D:14     | Identified the ring "Gosoeh" {+Blink rPois rC+ Dex-4 Stlth+} (You acquired it on level 14 of the Dungeon)
 37857 | D:14     | Got a fine brass ring
 37859 | D:14     | Identified the ring of Soxtot {rPois rF+ MR+} (You acquired it on level 14 of the Dungeon)
 37863 | D:14     | Got a scorched amethyst amulet
 37866 | D:14     | Identified the amulet "Giridoqo" {+Rage rF++ rC+ MR- Str+2} (You acquired it on level 14 of the Dungeon)
 38022 | D:15     | Entered Level 15 of the Dungeon
 38089 | D:15     | Received a gift from Okawaru
 38144 | D:15     | Reached XP level 19. HP: 151/178 MP: 30/30
 38146 | D:15     | Found a staircase to the Depths.
 38397 | D:15     | Received a gift from Okawaru
 38652 | Vaults:1 | Entered Level 1 of the Vaults
 38655 | Vaults:1 | Reached skill level 1 in Necromancy
 38662 | Vaults:1 | Reached skill level 1 in Charms
 38709 | Vaults:1 | Found Gohoa's Food Boutique.
 38722 | Vaults:1 | Bought a ration for 55 gold pieces
 38722 | Vaults:1 | Bought a ration for 55 gold pieces
 38722 | Vaults:1 | Bought a ration for 55 gold pieces
 38722 | Vaults:1 | Bought a ration for 55 gold pieces
 38722 | Vaults:1 | Bought a ration for 55 gold pieces
 38722 | Vaults:1 | Bought a ration for 55 gold pieces
 38722 | Vaults:1 | Bought a ration for 55 gold pieces
 38771 | Vaults:1 | Reached skill level 18 in Fighting
 38964 | Vaults:1 | Reached skill level 1 in Stealth
 39003 | Vaults:1 | Reached skill level 1 in Translocations
 39234 | Vaults:1 | Reached skill level 10 in Slings
 39266 | Vaults:1 | Identified the cursed +1 ring mail of the Hare {*Contam rN++} (You found it on level 1 of the Vaults)
 39520 | Vaults:1 | Received a gift from Okawaru
 39667 | Vaults:1 | Received a gift from Okawaru
 39886 | Vaults:1 | Received a gift from Okawaru
 40138 | Vaults:2 | Reached XP level 20. HP: 179/189 MP: 31/31
 40338 | Vaults:2 | Received a gift from Okawaru
 40365 | Vaults:2 | Noticed Sojobo
 40372 | Vaults:2 | Reached skill level 19 in Fighting
 40411 | Vaults:2 | Killed Sojobo
 40617 | Vaults:2 | Noticed Mennas
 40690 | Vaults:1 | Killed Mennas
 40690 | Vaults:1 | Received a gift from Okawaru
 40851 | Vaults:2 | Reached skill level 5 in Charms
 40853 | Vaults:2 | Gained mutation: You are dopey. (Int -2) [a neqoxec]
 41471 | Vaults:2 | Reached skill level 5 in Stealth
 41642 | Vaults:2 | Received a gift from Okawaru
 41656 | Vaults:2 | Reached XP level 21. HP: 189/200 MP: 32/32
 41954 | Vaults:2 | Found a portal to a secret trove of treasure.
 42086 | Vaults:3 | Received a gift from Okawaru
 42086 | Vaults:3 | Reached skill level 5 in Translocations
 42185 | Vaults:3 | Reached skill level 20 in Fighting
 42317 | Vaults:3 | Found a glowing silver altar of Zin.
 42317 | Vaults:3 | Found a white marble altar of Elyvilon.
 42326 | Vaults:3 | Found a glowing golden altar of the Shining One.
 42326 | Vaults:3 | Found a ruined gateway.
 42376 | Desolati | Entered the Desolation of Salt
 43221 | Desolati | Got a slimy wooden ring
 43223 | Desolati | Identified the ring of Xuydist {rN+ Dex+3} (You found it in the Desolation of Salt)
 43224 | Desolati | Identified Sif Muna's Papyrus of Freezing Evil Magic
 43294 | Desolati | Received a gift from Okawaru
 43385 | Desolati | Identified Huobrass's Almanac of Scorching Moulding
 43390 | Desolati | Got a sparkling granite ring
 43396 | Desolati | Identified the ring "Meoh" {rN+ Str+2} (You found it in the Desolation of Salt)
 43403 | Desolati | Got a transparent pewter amulet
 43405 | Desolati | Identified the amulet of Riaruet {+Rage +Fly rN+ MR+ Str-5} (You found it in the Desolation of Salt)
 43412 | Desolati | Got an iridescent fustibalus
 43413 | Desolati | Identified the +5 fustibalus of the Real Monster {flame, rC+ Str+4} (You found it in the Desolation of Salt)
 43786 | Vaults:3 | Found a staircase to the Crypt.
 44148 | Vaults:3 | Received a gift from Okawaru
 44154 | Vaults:3 | Reached XP level 22. HP: 208/211 MP: 30/33
 44353 | Vaults:3 | Received a gift from Okawaru
 44544 | Vaults:4 | Reached skill level 21 in Fighting
 44596 | Vaults:4 | Received a gift from Okawaru
 44599 | Vaults:4 | Got a polished hat {god gift}
 44610 | Vaults:4 | Identified the +3 hat of Ekire {rC+ rN+ Str-4 Stlth+} (Okawaru gifted it to you on level 4 of the Vaults)
 46228 | Depths:1 | Entered Level 1 of the Depths
 46422 | Depths:1 | Found a gateway to Hell.
 46620 | Depths:1 | Found Uruth's Distillery.
 46641 | Depths:1 | Bought a potion of haste for 170 gold pieces
 46641 | Depths:1 | Bought a potion of heal wounds for 85 gold pieces
 46685 | Depths:1 | Received a gift from Okawaru
 46794 | Depths:1 | Found a runed gate.
 46794 | Depths:1 | Found a runed gate.
 46794 | Depths:1 | Found a runed gate.
 46795 | Depths:1 | Found the +2 Maxwell's thermic engine {flame, freeze, rF- rC-}
 46795 | Depths:1 | Found a runed gate.
 46795 | Depths:1 | Found a runed gate.
 46795 | Depths:1 | Found a runed gate.
 47220 | Depths:1 | Received a gift from Okawaru
 47246 | Depths:1 | Reached XP level 23. HP: 144/222 MP: 29/34
 47548 | Depths:1 | Reached skill level 22 in Fighting
 47699 | Depths:2 | Received a gift from Okawaru
 47763 | Depths:2 | Got a translucent broad axe {god gift}
 47764 | Depths:2 | Identified the +5 broad axe of the Fifty Cities {freeze, *Noise rC+ rN+ Int+4 Stlth+} (Okawaru gifted it to you on level 2 of the Depths)
 47845 | Depths:2 | Found a transporter.
 47846 | Depths:2 | Found a radiant altar of Vehumet.
 48045 | Depths:2 | Received a gift from Okawaru
 48164 | Depths:2 | Found a one-way gate leading to the halls of Pandemonium.
 48293 | Depths:2 | Received a gift from Okawaru
 48337 | Depths:2 | Found a shimmering altar of Xom.
 48476 | Depths:2 | Paralysed by a floating eye for 4 turns
 48479 | Depths:2 | Noticed an ancient lich
 48812 | Depths:2 | Received a gift from Okawaru
 48829 | Depths:2 | Found a transporter.
 48846 | Depths:2 | Learned a level 6 spell: Statue Form
 48874 | Depths:2 | Killed an ancient lich
 48874 | Depths:2 | Received a gift from Okawaru
 48934 | Depths:2 | Identified the amulet "Wosilo" {Spirit +Inv MR+ Int-3 Dex+2} (You found it on level 2 of the Depths)
 49146 | Depths:3 | Reached skill level 23 in Fighting
 49155 | Depths:3 | Reached skill level 10 in Charms
 49162 | Depths:3 | Received a gift from Okawaru
 49440 | Depths:3 | Received a gift from Okawaru
 49462 | Depths:3 | Got a smelly scale mail {god gift}
 49473 | Depths:3 | Identified the +2 scale mail of Ogrenotz {rC- rCorr Slay+3 SInv} (Okawaru gifted it to you on level 3 of the Depths)
 49506 | Depths:3 | Reached XP level 24. HP: 235/235 MP: 27/34
 49989 | Depths:3 | Paralysed by a floating eye for 2 turns
 49997 | Depths:3 | Paralysed by a floating eye for 4 turns
 50107 | Depths:3 | Reached XP level 25. HP: 179/243 MP: 29/34
 50989 | Depths:4 | Got an amber-encrusted ring mail
 50992 | Depths:4 | Identified the +1 ring mail of Foolhardiness {rPois rC- Regen+ Int-4} (You found it on level 4 of the Depths)
 51386 | Depths:4 | Found a one-way gate to the infinite horrors of the Abyss.
 51558 | Depths:4 | Received a gift from Okawaru
 51751 | Depths:4 | Reached skill level 24 in Fighting
 51932 | Depths:4 | Reached skill level 10 in Translocations
 52037 | Depths:4 | Found Woikliuk's Gadget Shoppe.
 52039 | Depths:4 | Found Zarufesm's Jewellery Boutique.
 52040 | Depths:4 | Found Suicsio's Gadget Shoppe.
 52477 | Depths:1 | Bought a potion of flight for 51 gold pieces
 52477 | Depths:1 | Bought 2 potions of flight for 102 gold pieces
 52748 | Depths:5 | Entered Level 5 of the Depths
 52811 | Depths:5 | Found Jikofuem's Food Shoppe.
 52917 | Depths:5 | Found Goizoc's Jewellery Boutique.
 52938 | Depths:5 | Received a gift from Okawaru
 53004 | Depths:5 | Received a gift from Okawaru
 53060 | Depths:5 | Found Lukim's Jewellery Shop.
 53064 | Depths:5 | Reached XP level 26. HP: 255/255 MP: 34/34
 53070 | Depths:5 | Noticed Jory
 53076 | Depths:5 | Noticed a juggernaut
 53088 | Depths:5 | Killed a juggernaut
 53105 | Depths:5 | Killed Jory
 53155 | Depths:5 | Found a gate to the Realm of Zot.
 53216 | Depths:5 | Found Juxtuqal's Distillery.
 53221 | Depths:5 | Bought the ring "Tudu" {MR+ Str+4 Dex+4} for 732 gold pieces
 53224 | Depths:5 | Found a gateway to a ziggurat.
 53229 | Depths:5 | Bought a potion of mutation for 160 gold pieces
 53393 | Depths:5 | Lost intelligence.
 53405 | Depths:5 | HP: 7/256 [acid[an orange crystal statue] (6)]
 53405 | Depths:5 | Mangled by a caustic shrike

Vault maps used:
D:1:      lemuel_arrival_hallway
D:2:      minitemple, minivault_24, minmay_item_behind_shaft,
          cheibriados_altar_1
D:3:      first_ration, minmay_misc_feat_plants, makhleb_blood_cavern_becter,
          uniq_natasha
D:4:      minmay_temple_entry_poolview
D:5:      lemuel_doored_altar, nemelex_xobeh_ov_fountains_minmay
D:6:      uniq_grinder
D:7:      wad_river_or_something
D:8:      zin_statuary, hangedman_pestilent_swarm, kennysheep_flooded_box,
          uniq_maurice
D:9:      grunt_temple_overflow_open, dpeg_oklobed_lair, uniq_joseph
D:11:     orc_0_dummy, minivault_8, uniq_sonja
D:12:     lightli_fourway_metalbox, uniq_azrael, uniq_rupert, uniq_frances
D:13:     kennysheep_generic_room_6
D:14:     david_vaults_4, uniq_kirke
D:15:     hangedman_depths_entry_civil_slaughter, hangedman_decor_peaks_small
Temple:   nicolae_temple_great_sept
Lair:1:   special_room, beast_lair_carwin_9, minmay_lair_oklob_chamber
Lair:2:   uniq_erica
Lair:3:   minmay_swamp_entry_reptiles, guppyfry_snake_entry_garden,
          cheibrodos_lair_caveside_slide, uniq_snorg
Lair:5:   nicolae_quartered_pool_super, kennysheep_basilisk_garden, uniq_nessos
Lair:6:   hangedman_lair_tendril_chambers, guppyfry_lair_end_dragon,
          slime_altar_1
Swamp:1:  evilmike_swamp_ruin_house_5
Swamp:2:  evilmike_swamp_ruin_rubble_2, uniq_roxanne, uniq_aizul, uniq_louise
Swamp:3:  evilmike_swamp_ruin_house_3
Swamp:4:  grunt_swamp_rune_castle, swamp_pool5, uniq_mara, uniq_nikola
Snake:2:  serial_shops, shop_statue, shop, eino_curves_02, abandoned_shop,
          st_stairs_4, nicolae_large_snake_swirl, uniq_donald
Snake:3:  serial_bayou_shore_a
Snake:4:  johnstein_snake_rune_scales, serial_shops, shop, uniq_vashnia,
          uniq_jorgrun
Orc:1:    basic_altar
Orc:2:    grunt_orc_tribal_feast
Vaults:1: hangedman_vaults_unwind, nicolae_vaults_asterisk, v_alt_pattern_1,
          vaults_room_semicircle, v_misc_17, st_cross, nicolae_vaults_network_s,
          hangedman_vaults_cutoff, v_pattern_1, vaults_room_door_ring,
          ontoclasm_vaults_chip, nicolae_vaults_sealed_display,
          grunt_vaults_hallway_short, serial_shops, shop
Vaults:2: ontoclasm_vaults_shuriken, hangedman_vaults_river_flow, v_misc_28,
          vaults_dpeg_doors, vaults_room_semicircle, v_misc_8, st_lines,
          nicolae_vaults_diagonal_hallway_7, hangedman_vaults_maws,
          enter_trove_5, uniq_sojobo, uniq_mennas
Vaults:3: minmay_crypt_entry_simple_plaza, ontoclasm_vaults_ring_small,
          ontoclasm_vaults_shout, nicolae_vaults_triangles, v_misc_5,
          grunt_vaults_bifocal, hangedman_vaults_trim,
          nicolae_vaults_ring_of_whatevers, ontoclasm_vaults_pinch, v_misc_12,
          hangedman_vaults_locks, hangedman_vaults_stream,
          nicolae_vaults_rhombus_5, portal_desolation_entry_holy_temple
Vaults:4: nicolae_vaults_little_squares_5, vaults_dpeg_spiral, v_pattern_4,
          nicolae_vaults_circle_grid_a, stair_cage_open,
          hangedman_vaults_capsules, dpeg_vaults_monster_row,
          ontoclasm_vaults_gateway, nicolae_vaults_network_periphery
Depths:1: nrook_uturn, hell_entry, serial_shops, shop_coins,
          minmay_misc_feat_nine_boxes, kennysheep_cluttered_room,
          minmay_misc_feat_chi, brannock_guarded_unrand_thermic_engine
Depths:2: gammafunk_sealed_library, pan_entry, infiniplex_staircase_zigzag_3,
          pf_coc_iceberg, xom_teletrap_fun, serial_bayou_shore_b
Depths:3: lemuel_river_lethe, pan_entry, hell_entry
Depths:4: hangedman_screamer, grunt_hell_entry_dis_mu,
          abyss_entry_small_statue_room, hex_tiny, minmay_shop_grove
Depths:5: grunt_crosshair, enter_ziggurat_a, serial_bayou, serial_bayou_pond_a,
          serial_bayou_ford_a, serial_bayou_lagoon_a, serial_bayou_pond_d,
          serial_shops, shop_statue, shop, shop, shop, nicolae_shop_stone,
          hell_entry, minivault_16, uniq_jory
Abyss:2:  guppyfry_abyss_exit_spiral_guarded

Skill      XL: |  1  2  3  4  5  6  7  8  9 10 11 12 13 14 15 16 17 18 19 20 21 22 23 24 25 |
---------------+----------------------------------------------------------------------------+-----
Axes           | 3 4 5 6 7 9 10 11 12 13 14 15 16 17 18 | 18.0
Fighting       | 4 5 6 7 8 10 11 12 13 14 15 16 17 18 19 20 21 23 24 | 24.6
Armour         | 4 5 6 7 9 10 11 12 13 14 15 16 17 | 17.3
Shields        | 4 5 6 7 9 10 11 12 13 14 15 | 15.0
Invocations    | 3 5 8 9 11 12 13 14 15 | 15.2
Dodging        | 2 4 5 6 7 8 9 |  9.8
Slings         | 4 6 8 9 10 11 12 13 14 | 14.0
Necromancy     | 4 |  4.4
Charms         | 3 5 7 8 10 11 | 11.6
Stealth        | 3 5 6 7 |  7.6
Translocations | 2 4 6 7 9 10 | 10.5
Transmutations | 3 |  3.5

Action                   |  1- 3 |  4- 6 |  7- 9 | 10-12 | 13-15 | 16-18 | 19-21 | 22-24 | 25-27 || total
-------------------------+-------+-------+-------+-------+-------+-------+-------+-------+-------++-------
Melee: War axe           |    97 |   191 |   333 |   445 |       |       |       |       |       ||  1066
       Broad axe         |       |       |       |   308 |  1287 |  1127 |  1491 |  1110 |   669 ||  5992
 Fire: Hunting sling     |    24 |    39 |    64 |   114 |   135 |   446 |    65 |   130 |    29 ||  1046
Throw: Javelin           |       |       |       |     6 |       |       |       |       |       ||     6
Invok: Heroism           |       |       |     2 |     9 |    22 |     5 |    13 |    11 |     3 ||    65
       Finesse           |       |       |       |     2 |    10 |     1 |     6 |    10 |     3 ||    32
 Abil: Evoke Flight      |       |       |       |       |     1 |       |       |       |       ||     1
Evoke: Wand              |       |       |     5 |    13 |    31 |     3 |       |       |       ||    52
  Use: Scroll            |     1 |     5 |     7 |    14 |    13 |    26 |     2 |    11 |     5 ||    84
       Potion            |       |     1 |     7 |       |    10 |     1 |       |     3 |     4 ||    26
 Stab: Paralysed         |       |       |       |       |     3 |       |       |       |       ||     3
       Petrified         |       |       |       |       |       |       |     2 |       |       ||     2
  Eat: Chunk             |     1 |     7 |    13 |    21 |    31 |    14 |    21 |     9 |     5 ||   122
       Ration            |       |       |       |     2 |     5 |     6 |       |     3 |     2 ||    18
Armor: Scale mail        |    50 |    86 |   144 |    49 |       |       |       |       |       ||   329
       Ring mail         |       |       |       |   253 |   168 |       |       |       |       ||   421
       Crystal plate arm |       |       |       |       |   297 |  1013 |   743 |   473 |   310 ||  2836
Dodge: Dodged            |    47 |    48 |   102 |   314 |   393 |   378 |   301 |   237 |   155 ||  1975
Block: Shield            |    70 |   115 |   233 |   609 |   815 |   846 |   811 |   659 |   494 ||  4652
       Reflection        |       |       |       |       |       |    59 |    93 |    36 |    26 ||   214

Table legend:
 A = Spawn XP
 B = Non-spawn XP
 C = Spawn XP percentage of total XP
 D = Spawn monster count
 E = Non-spawn monster count
 F = Spawn count percentage of total count
 G = Total turns spent on level
                    A         B        C        D         E        F      G
               +---------+---------+-------+---------+---------+-------+---------
         Total |       0 | 1004139 |   0.0 |       0 |    1976 |   0.0 | 53405
               +---------+---------+-------+---------+---------+-------+---------
           D:1 |       0 |      30 |   0.0 |       0 |      19 |   0.0 |   877
           D:2 |       0 |      75 |   0.0 |       0 |      21 |   0.0 |   689
           D:3 |       0 |     229 |   0.0 |       0 |      32 |   0.0 |  1108
           D:4 |       0 |     338 |   0.0 |       0 |       9 |   0.0 |  1052
           D:5 |       0 |     355 |   0.0 |       0 |      13 |   0.0 |   811
           D:6 |       0 |     616 |   0.0 |       0 |      20 |   0.0 |  1031
           D:7 |       0 |    1746 |   0.0 |       0 |      31 |   0.0 |  1187
           D:8 |       0 |    2237 |   0.0 |       0 |      26 |   0.0 |  1130
           D:9 |       0 |    3257 |   0.0 |       0 |      38 |   0.0 |  2990
          D:10 |       0 |    4810 |   0.0 |       0 |      40 |   0.0 |  1622
          D:11 |       0 |    7414 |   0.0 |       0 |      52 |   0.0 |  1563
          D:12 |       0 |   10868 |   0.0 |       0 |      30 |   0.0 |   837
          D:13 |       0 |   11749 |   0.0 |       0 |      44 |   0.0 |  1271
          D:14 |       0 |   14409 |   0.0 |       0 |      38 |   0.0 |   920
          D:15 |       0 |   11944 |   0.0 |       0 |      28 |   0.0 |   653
        Lair:1 |       0 |    5084 |   0.0 |       0 |      40 |   0.0 |  1179
        Lair:2 |       0 |    4429 |   0.0 |       0 |      17 |   0.0 |   890
        Lair:3 |       0 |    5730 |   0.0 |       0 |      19 |   0.0 |  1367
        Lair:4 |       0 |    3068 |   0.0 |       0 |      15 |   0.0 |   878
        Lair:5 |       0 |    8328 |   0.0 |       0 |      29 |   0.0 |  1490
        Lair:6 |       0 |   25288 |   0.0 |       0 |      86 |   0.0 |  3193
       Swamp:1 |       0 |    7354 |   0.0 |       0 |      16 |   0.0 |   749
       Swamp:2 |       0 |   24340 |   0.0 |       0 |      43 |   0.0 |  1398
       Swamp:3 |       0 |    9826 |   0.0 |       0 |      25 |   0.0 |  1131
       Swamp:4 |       0 |   39390 |   0.0 |       0 |      50 |   0.0 |  1137
       Snake:1 |       0 |   15590 |   0.0 |       0 |      30 |   0.0 |  1525
       Snake:2 |       0 |   23698 |   0.0 |       0 |      42 |   0.0 |  1736
       Snake:3 |       0 |    7500 |   0.0 |       0 |      12 |   0.0 |  1307
       Snake:4 |       0 |   54682 |   0.0 |       0 |      90 |   0.0 |  1214
         Orc:1 |       0 |    3891 |   0.0 |       0 |      35 |   0.0 |   647
         Orc:2 |       0 |   12361 |   0.0 |       0 |      61 |   0.0 |  1063
      Vaults:1 |       0 |   83094 |   0.0 |       0 |     138 |   0.0 |  1623
      Vaults:2 |       0 |   90884 |   0.0 |       0 |     116 |   0.0 |  1860
      Vaults:3 |       0 |   67622 |   0.0 |       0 |      91 |   0.0 |  1402
      Vaults:4 |       0 |   69841 |   0.0 |       0 |     103 |   0.0 |  1551
      Depths:1 |       0 |   34087 |   0.0 |       0 |      37 |   0.0 |  1456
      Depths:2 |       0 |   86767 |   0.0 |       0 |      90 |   0.0 |  1533
      Depths:3 |       0 |   71328 |   0.0 |       0 |     123 |   0.0 |  1794
      Depths:4 |       0 |   66838 |   0.0 |       0 |      78 |   0.0 |  1691
      Depths:5 |       0 |   65098 |   0.0 |       0 |      62 |   0.0 |   657
    Desolation |       0 |   47944 |   0.0 |       0 |      87 |   0.0 |  1088
               +---------+---------+-------+---------+---------+-------+---------
